 Dungeon Crawl Stone Soup version 0.30-a0-862-g1aabd4f9c5 (webtiles) character file.

Game seed: 15898505368982117627

1047 ragingrage the Gusty (level 8, -9/44 HPs)
             Began as a Tengu Wanderer on Mar 9, 2023.
             Was an Initiate of Vehumet.
             Killed from afar by a steam dragon (13 damage)
             ... with a ball of steam
             ... on level 6 of the Dungeon.
             The game lasted 00:07:35 (7124 turns).

ragingrage the Gusty (Tengu Wanderer)               Turns: 7124, Time: 00:07:36

Health: -9/44      AC:  9    Str: 13    XL:     8   Next: 25%
Magic:  3/13       EV: 13    Int: 14    God:    Vehumet [......]
Gold:   336        SH:  0    Dex: 14    Spells: 6/13 levels left

rFire   . . .      SeeInvis .    b - staff of air
rCold   . . .      Faith    .    (no shield)
rNeg    . . .      Spirit   .    k - +0 ring mail
rPois   .          Reflect  .    (helmet restricted)
rElec   +          Rampage  .    (no cloak)
rCorr   +                        (no gloves)
Will    .....                    (boots unavailable)
Stlth   ++                       (no amulet)
HPRegen 0.27/turn                q - ring of resist corrosion
MPRegen 0.13/turn                w - +4 ring of protection

@: flying quickly and evasively, quick
A: beak, talons 3, nimble flight
a: Renounce Religion


You were on level 6 of the Dungeon.
You worshipped Vehumet.
Vehumet was noncommittal.
You visited 2 branches of the dungeon, and saw 7 of its levels.

You collected 336 gold pieces.

Inventory:

Hand Weapons
 a - a +2 falchion
 c - a +0 dagger
Missiles
 r - 23 poisoned darts
 y - 6 curare-tipped darts
 E - 3 boomerangs of dispersal
Armour
 k - a +0 ring mail (worn)
 D - a +0 robe of the Archmagi
Magical Staves
 b - a staff of air (weapon)
 p - a staff of fire
Jewellery
 q - a ring of resist corrosion (left hand)
 w - a +4 ring of protection (right hand)
 F - a ring of ice
Scrolls
 e - 5 scrolls of teleportation {unknown}
 g - 9 scrolls of identify {unknown}
 i - 3 scrolls of enchant armour {unknown}
 j - 2 scrolls of blinking {unknown}
 m - a scroll of fog {unknown}
 o - 2 scrolls of amnesia {unknown}
 s - 2 scrolls of noise {unknown}
 t - a scroll of silence {unknown}
 C - a scroll of magic mapping {unknown}
Potions
 d - 7 potions of curing
 f - 3 potions of haste {unknown}
 h - a potion of invisibility {unknown}
 l - 3 potions of magic {unknown}
 n - 2 potions of brilliance {unknown}
 u - a potion of lignification {unknown}
 v - a potion of flight {unknown}
 x - 2 potions of heal wounds {unknown}
 z - 3 potions of might {unknown}
 A - a potion of resistance {unknown}
 B - a potion of attraction {unknown}


   Skills:
 + Level 2.2 Fighting
 - Level 3.2 Long Blades
 - Level 2.0 Throwing
 + Level 2.8 Armour
 + Level 2.4 Dodging
 - Level 3.0 Stealth
 - Level 3.0 Spellcasting
 - Level 6.0 Conjurations
 - Level 7.0 Air Magic
 + Level 0.7 Poison Magic
 - Level 1.0 Evocations


You had 6 spell levels left.
You knew the following spells:

 Your Spells              Type           Power      Damage    Failure   Level
a - Shock                 Conj/Air       100%       1d9       3%          1
b - Swiftness             Air            32%        N/A       8%          3
c - Mephitic Cloud        Conj/Pois/Air  22%        N/A       21%         3

Your spell library contained the following spells:

 Spells                   Type           Power      Damage    Failure   Level
 Poisonous Vapours        Pois/Air       38%        N/A       14%         2
 Cigotuvi's Dreadful Rot  Necr/Pois/Air  26%        N/A       24%         2


Dungeon Overview and Level Annotations

Branches:
Dungeon (6/15)             Temple (1/1) D:6

Altars:
Ashenzari
Cheibriados
Dithmenos
Gozag
Hepliaklqana
Makhleb
Nemelex Xobeh
Okawaru
Ru
Sif Muna
Trog
Uskayaw
Vehumet
Yredelemnul
Zin
The Shining One

Annotations:
D:1 exclusion: kobold
D:2 exclusion: downstairs
D:4 exclusion: downstairs
D:5 1 runed translucent door, relicbr's ghost, weakling SpDe


Innate Abilities, Weirdness & Mutations

You have a beak for a mouth.
You have claws for feet.
Your magical nature lets you fly swiftly and evasively.


Message History

The steam dragon bites you but does no damage.
The steam dragon barely misses you.
You feel a surge of power!
The zap misses the steam dragon.
The steam dragon barely misses you.
The steam dragon claws you but does no damage.
Aiming: Shock (safe; 3% risk of failure)
You feel a surge of power!
The zap hits the steam dragon but does no damage.
The zap misses the steam dragon.
The steam dragon breathes steam at you. The ball of steam hits you.
Aiming: Shock (safe; 3% risk of failure)
You feel a surge of power!
The zap hits the steam dragon.
The zap misses the steam dragon.
You are engulfed in a cloud of scalding steam.
The steam dragon misses you. x2
Aiming: Shock (safe; 3% risk of failure)
You feel a surge of power!
The zap hits the steam dragon.
The zap hits the steam dragon but does no damage.
The steam dragon barely misses you.
The steam dragon claws you but does no damage.
Aiming: Shock (safe; 3% risk of failure)
You feel a surge of power!
The zap hits the steam dragon. x2
The steam dragon bites you. The steam dragon misses you.
Aiming: Shock (safe; 3% risk of failure)
You feel a surge of power!
The zap misses the steam dragon. x2
The steam dragon barely misses you.
The steam dragon claws you but does no damage.
Aiming: Shock (safe; 3% risk of failure)
You feel a surge of power!
The zap hits the steam dragon.
The zap hits the steam dragon!
The steam dragon breathes steam at you. The ball of steam hits you!!
* * * LOW HITPOINT WARNING * * *
Aiming: Shock (safe; 3% risk of failure)
You feel a surge of power!
The zap misses the steam dragon.
The zap hits the steam dragon.
The steam dragon breathes steam at you. The ball of steam hits you!
You die...

#.#._.....#
#.#....#..#
#.######..#
#.######..#
#.........#
#######...####
#.......+
##...####
##@§# ##D#
#...§§..#
#.#####.# # #


You could see a steam dragon (catching breath).

Vanquished Creatures
  An ice beast (D:6)
  2 centaurs
  An ogre (D:5)
  2 phantoms
  Blork the orc (D:5)
  A scorpion (D:5)
  An orc priest (D:4)
  2 hounds (D:6)
  2 gnoll boudas
  An iguana (D:6)
  10 gnolls
  6 adders
  A shadow imp (D:4)
  3 white imps
  3 worms
  2 dart slugs (D:3)
  6 orcs
  5 ball pythons
  2 endoplasms
  3 giant cockroaches
  5 hobgoblins
  3 jackals
  8 kobolds
  4 quokkas
  2 bats
  6 frilled lizards
  10 goblins
  4 rats
97 creatures vanquished.

Vanquished Creatures (others)
  2 demonic plants (D:4)
2 creatures vanquished.

Grand Total: 99 creatures vanquished

Notes
Turn   | Place    | Note
-------+----------+-------------------------------------------
     0 | D:1      | ragingrage the Tengu Wanderer began the quest for the Orb.
     0 | D:1      | ragingrage set off with the following items: a +2 falchion,
                  | 14 poisoned darts, a +0 dagger, a potion of curing, a +0
                  | leather armour; and the following spell memorised: Shock;
                  | and the following spells available to memorise: Swiftness.
     0 | D:1      | Reached XP level 1. HP: 10/10 MP: 3/3
   110 | D:1      | Reached skill level 1 in Conjurations
   110 | D:1      | Reached skill level 3 in Air Magic
   295 | D:1      | Reached XP level 2. HP: 15/15 MP: 0/4
  1338 | D:2      | Reached XP level 3. HP: 10/19 MP: 0/6
  1759 | D:2      | Learned a level 3 spell: Swiftness
  1869 | D:2      | Found a faded altar of an unknown god.
  2332 | D:2      | Reached XP level 4. HP: 24/24 MP: 4/7
  2522 | D:3      | Reached skill level 4 in Air Magic
  2615 | D:3      | Reached skill level 1 in Stealth
  2994 | D:3      | Noticed a phantom
  3005 | D:3      | Killed a phantom
  3006 | D:3      | Gained mutation: Your magical nature lets you fly swiftly
                  | and evasively. [Tengu growth]
  3006 | D:3      | Reached XP level 5. HP: 28/28 MP: 3/9
  3276 | D:4      | Found an iron altar of Okawaru.
  3534 | D:4      | Found a shimmering blue altar of Sif Muna.
  3549 | D:4      | Reached skill level 5 in Air Magic
  3704 | D:4      | Reached XP level 6. HP: 29/32 MP: 1/10
  3869 | D:4      | Found a broken altar of Ashenzari.
  4037 | D:4      | Found a sparkling altar of Nemelex Xobeh.
  4392 | D:4      | Reached skill level 5 in Conjurations
  4392 | D:4      | Reached skill level 6 in Air Magic
  4672 | D:5      | Entered Level 5 of the Dungeon
  4672 | D:5      | Noticed Blork the orc
  5092 | D:5      | Reached skill level 1 in Dodging
  5092 | D:5      | Reached XP level 7. HP: 37/37 MP: 4/11
  5155 | D:5      | Found a burning altar of Makhleb.
  5217 | D:5      | Reached skill level 1 in Fighting
  5368 | D:5      | Killed Blork the orc
  5588 | D:5      | Noticed a +0 spear
  5589 | D:5      | Noticed a +0 falchion
  5589 | D:5      | Noticed a +0 dagger
  5590 | D:5      | Noticed a +0 short sword
  5590 | D:5      | Noticed a +0 spear
  5590 | D:5      | Noticed a +0 short sword
  5591 | D:5      | Noticed a +0 falchion
  5591 | D:5      | Noticed a +0 dagger
  5593 | D:5      | Found a hide-covered altar of Uskayaw.
  5656 | D:5      | Found a runed translucent door.
  5656 | D:5      | Noticed relicbr's ghost (weakling SpDe)
  5697 | D:5      | Found a basalt altar of Yredelemnul.
  6286 | D:6      | Found a staircase to the Ecumenical Temple.
  6295 | Temple   | Entered the Ecumenical Temple
  6350 | Temple   | Became a worshipper of Vehumet
  6481 | D:6      | Reached XP level 8. HP: 17/44 MP: 10/13
  6681 | D:6      | Learned a level 3 spell: Mephitic Cloud
  7058 | D:6      | Found an opulent altar of Gozag.
  7093 | D:6      | Reached skill level 7 in Air Magic
  7124 | D:6      | Killed from afar by a steam dragon

Illustrated notes

Levels and vault maps discovered:
D:1:      lemuel_arrival_cross, layout_basic
D:2:      layout_basic, basic_ecumenical_altar
D:3:      layout_basic
D:4:      layout_basic, okawaru_metal_pillars_1_2, kennysheep_little_box,
          mainiacjoe_overflow_catwalk, nemelex_spade_bored_becter,
          serial_demonic, serial_demonic_g, serial_demonic_f, serial_demonic_d,
          serial_demonic_a
D:5:      layout_cave_pods, old_standard_altar, nicolae_overflow_crystal_walls,
          nicolae_uskayaw_en_pointe, gammafunk_ghost_grave, uniq_blork_the_orc
D:6:      layout_loops_corners, nicolae_gozag_seed_capital,
          minmay_temple_entry_glass, grunt_ministairs_6, corexii_checkpoint_a,
          minmay_microvault
Temple:   nicolae_temple_colour_theory

Skill      XL: |  1  2  3  4  5  6  7  8 |
---------------+-------------------------+-----
Conjurations   | 1 2 3 4 5 6 |  6.0
Air Magic      | 3 4 5 6 7 |  7.0
Stealth        | 2 3 |  3.0
Spellcasting   | 2 3 |  3.0
Dodging        | 1 2 |  2.4
Fighting       | 1 2 |  2.2
Armour         | 2 |  2.8
Long Blades    | |  3.2
Throwing       | |  2.0
Poison Magic   | |  0.7
Evocations     | |  1.0

Action                     |  1- 3 |  4- 6 |  7- 9 || total
---------------------------+-------+-------+-------++-------
  Melee: Falchion          |    22 |    16 |     4 ||    42
         Kick              |     5 |     4 |       ||     9
         Peck              |     1 |     5 |       ||     6
         Staff             |       |     2 |       ||     2
         Punch             |       |     1 |       ||     1
  Throw: Dart              |     3 |       |       ||     3
   Cast: Shock             |    57 |   131 |    71 ||   259
 Armour: Leather armour    |     7 |       |       ||     7
         Ring mail         |    10 |    20 |    15 ||    45
  Dodge: Dodged            |    22 |    54 |    21 ||    97

Table legend: (Time is in decaauts)
 A = Elapsed time spent in this place.
 B = Non-inter-level travel time spent in this place.
 C = Inter-level travel time spent in this place.
 D = Time resting spent in this place.
 E = Time spent auto-exploring this place.
 F = Levels seen in this place.
 G = Mean time per level.
                   A        B        C        D        E       F      G
               +--------+--------+--------+--------+--------+-----+--------+
         Total |   6877 |   6646 |    231 |   1236 |   4677 |   7 |  982.4 |
       Dungeon |   6807 |   6581 |    226 |   1236 |   4620 |   6 | 1134.5 |
        Temple |     70 |     66 |      4 |      0 |     57 |   1 |   70.0 |
               +--------+--------+--------+--------+--------+-----+--------+

Top non-repeatable levels by time:
     D:4: 1482 daAuts
     D:1: 1317 daAuts
     D:5: 1194 daAuts
     D:2: 1067 daAuts
     D:6: 930 daAuts
     D:3: 816 daAuts
  Temple: 70 daAuts
